 Dungeon Crawl Stone Soup version 0.31-a0-479-g91c9547826 (webtiles) character file.

Game seed: 7065382828862373706

30768 Ethylacetat the Martial Artist (level 13, -8/70 HPs)
             Began as a Vine Stalker Monk on Aug 7, 2023.
             Was a High Priest of Jiyva (penitent).
             Mangled by a spriggan defender simulacrum (10 damage)
             ... in an ice cave.
             The game lasted 00:54:13 (9549 turns).

Ethylacetat the Martial Artist (Vine Stalker Monk)  Turns: 9549, Time: 00:54:14

Health: -8/70      AC:  9    Str: 25      XL:     13   Next: 53%
Magic:  0/27       EV:  8    Int:  7      God:    Jiyva [*****.]
Gold:   558        SH:  7    Dex: 25 (26) Spells: 28/30 levels left

rFire   x .          .
                       - Unarmed
rCold   + . .        p - +0 buckler {rC+}
rNeg    . . .        q - +1 plate armour of Suar {rElec}
rPois   .            (helmet unavailable)
rElec   +            y - +2 cloak
rCorr   .            (no gloves)
SInv    +            (no boots)
Will    +....        (no amulet) Stlth
                     H - +6 ring of dexterity
HPRegen 1.11/turn    d - ring of see invisible
MPRegen 0.20/turn

%: guardian spirit
@: about to teleport
A: fangs 3, regeneration 1, magic shield, antimagic bite, no potion heal 2,
claws 1, horns 3, agile 1, deformed body, strong 2, translucent skin 3, heat
vulnerability 1
a: Renounce Religion


You were in an ice cave.
You worshipped Jiyva.
Jiyva was demanding penance.
You visited 1 branch of the dungeon, and saw 14 of its levels.
You also visited: Sewer and Ice Cave.

You collected 558 gold pieces.

Inventory:

Missiles
 B - a curare-tipped dart
Armour
 p - a +0 buckler of cold resistance (worn)
 q - the +1 plate armour of Suar (worn) {rElec}
   (You found it on level 14 of the Dungeon)

   rElec:     It insulates you from electricity.
 y - a +2 cloak (worn)
 C - a +0 kite shield of poison resistance
Jewellery
 d - a ring of see invisible (right claw)
 g - a ring of poison resistance
 l - a ring of protection from fire
 H - a +6 ring of dexterity (left claw)
Talismans
 o - a serpent talisman
 F - a blade talisman
Wands
 h - a wand of charming (4)
 n - a wand of flame (5)
 D - a wand of iceblast (9)
Scrolls
 b - 3 scrolls of identify
 e - a scroll of vulnerability {unknown}
 f - a scroll of silence {unknown}
 i - 3 scrolls of immolation
 k - 3 scrolls of noise
 m - 5 scrolls of teleportation
 r - a scroll of fog
 s - a scroll of enchant weapon {unknown}
 x - a scroll of butterflies {unknown}
Potions
 c - a potion of ambrosia
 j - a potion of haste {unknown}
 t - 2 potions of heal wounds {unknown}
 u - a potion of invisibility {unknown}
 v - 2 potions of enlightenment {unknown}
 w - 2 potions of lignification {unknown}
 z - a potion of magic {unknown}
 E - a potion of might {unknown}


   Skills:
 + Level 9.0 Fighting
 - Level 3.2 Axes
 - Level 2.4 Dodging
 + Level 4.7 Shields
 + Level 12.0 Unarmed Combat
 + Level 9.2 Spellcasting
 * Level 11.3 Shapeshifting


You had 28 spell levels left.
You knew the following spells:

 Your Spells              Type           Power      Damage    Failure   Level
a - Wereblood             Tmut           3%         N/A       100%        2

Your spell library contained the following spells:

 Spells                   Type           Power      Damage    Failure   Level
 Freeze                   Ice            12%        1d3       99%         1
 Ensorcelled Hibernation  Hex/Ice        6%         N/A       100%        2
 Passwall                 Tmut/Erth      2%         N/A       100%        2
 Sublimation of Blood     Necr           3%         N/A       100%        2
 Frozen Ramparts          Ice            6%         1d1       100%        3
 Hailstorm                Conj/Ice       3%         3d3       100%        3
 Swiftness                Air            3%         N/A       100%        3
 Passage of Golubria      Tloc           3%         N/A       100%        4
 Freezing Cloud           Conj/Ice/Air   1%         6-21      100%        5
 Silence                  Hex/Air        1%         N/A       100%        5
 Summon Hydra             Summ           1%         N/A       100%        7
 Disjunction              Tloc           1%         N/A       100%        8
 Lehudib's Crystal Spear  Conj/Erth      1%         10d2      100%        8


Dungeon Overview and Level Annotations

Branches:
Dungeon (14/15)            Temple (0/1) D:4            Lair (0/5) D:9
    Orc (0/2) D:10         Vaults (0/5) D:13          Sewer (visited)
  IceCv (1/1)

Altars:
Dithmenos
Fedhas
Gozag
Hepliaklqana
Makhleb
Okawaru
Qazlal
Sif Muna
Uskayaw
Vehumet
Wu Jian
Yredelemnul
Zin
Jiyva

Shops:
D:6 (   D:12 !


Innate Abilities, Weirdness & Mutations

You have razor-sharp teeth.
Your natural rate of healing is unusually fast.
When hurt, damage is shared between your health and your magic reserves.
Your bite disrupts and absorbs the magic of your enemies.
Potions cannot restore your health.
You have sharp fingernails.
You have a pair of large horns on your head.
You are agile. (Dex +4, Str/Int -1)
Armour fits poorly on your strangely shaped body.
Your muscles are very strong. (Str +8, Int/Dex -2)
Your transparent skin significantly reduces your foes' accuracy. (Stealth+)
You are vulnerable to heat. (rF-)


Message History

Unknown command.
As you read the scroll labelled DAUJARUEDI, it crumbles to dust.
You feel aware of your surroundings.
You sensed 1 shop/portal.
It was a scroll of revelation.
A spriggan defender simulacrum and an ice devil come into view.
The spriggan defender simulacrum hits you!
The spriggan defender simulacrum freezes you!
You resist.
Okay, then.
Throw: 2 throwing nets
Press: ? - help, Q - select action, (/) - cycle Shift-Dir - straight line, f - spriggan defender simulacrum
Aim: a spriggan defender simulacrum (45% to hit)
You throw a throwing net.
The throwing net closely misses the spriggan defender simulacrum.
The throwing net barely misses the minotaur simulacrum.
The spriggan defender simulacrum barely misses you.
The spriggan defender simulacrum hits you.
The spriggan defender simulacrum freezes you!
You resist.
Throw: throwing net
Press: ? - help, Q - select action, (/) - cycle Shift-Dir - straight line, f/p - spriggan defender simulacrum
Aim: a spriggan defender simulacrum (45% to hit)
You throw a throwing net.
The throwing net misses the spriggan defender simulacrum.
The spriggan defender simulacrum hits you!
The spriggan defender simulacrum freezes you!
You resist.
Okay, then.
Okay, then.
As you read the scroll of teleportation, it crumbles to dust.
You feel strangely unstable.
The spriggan defender simulacrum hits you!
The spriggan defender simulacrum freezes you!!
You resist.
* * * LOW HITPOINT WARNING * * *
The spriggan defender simulacrum hits you!
* * * LOW HITPOINT WARNING * * *
The spriggan defender simulacrum freezes you!
You resist.
You die...

,***,,,,**.##.###########
,****,,,**#.#..##########
*,***,⌠,**.#...##########
*,,**,,,*,..##..#########
**,**,,,,,.####.#########
*,,**,,,*.###.Z#########
**,,**,,*#.#..Z.########
**,,,,,,**#..Z###Z#######
*,,,*,,** #4.##.@########
,,*,*,** *#.###..########
,,*,,*****.#####..#######
,*,*****,,.######.#######
,*~* **,,,#######.#######
**~***,,*,########.######
*~~**,,,**#####.##.######
~~~**,*,**####..#..#
~~~**,**,##...⌠..#.#


You could see a spriggan defender simulacrum.

Vanquished Creatures
  An ironbound preserver (D:13)
  2 boulder beetles
  3 two-headed ogres
  3 centaur warriors
  The ghost of Jaike the Firebug, a novice DjCA of Ignis (D:7)
  3 tengu warriors
  A bog body (IceCv)
  An orc knight (D:13)
  2 deep elf pyromancers (D:12)
  2 manticores
  3 cyclopes (D:13)
  6 ugly things
  Maurice (D:11)
  An ice statue (D:14)
  4 gargoyles
  3 unseen horrors
  A spectral unseen horror (D:7)
  An unseen horror zombie (D:7)
  An unseen horror skeleton (D:7)
  4 trolls
  A queen bee (shapeshifter) (D:13)
  3 meliai (D:13)
  A hornet (D:8)
  A shadow (D:12)
  A vampire (D:13)
  5 wraiths
  2 wyverns (D:9)
  3 steam dragons
  7 yaks
  A minotaur simulacrum (IceCv)
  3 wargs (D:9)
  3 acid dragons
  An ice beast (D:7)
  2 black bears
  A sky beast (D:5)
  8 orc warriors
  An ogre (D:4)
  6 centaurs
  A phantom (D:6)
  4 kobold brigands
  3 bullfrogs
  4 gnoll sergeants
  A scorpion (D:7)
  3 wights
  16 killer bees
  An electric eel (D:10)
  3 howler monkeys
  2 centaur zombies (D:7)
  7 hounds
  A gnoll bouda (D:9)
  4 orc priests
  Jessica (D:3)
  2 sleepcaps
  2 iguanas
  9 orc wizards
  20 gnolls
  11 adders
  3 river rats (D:4)
  2 shadow imps
  A white imp (D:5)
  A howler monkey simulacrum (D:7)
  An ufetubus (D:6)
  A worm (D:3)
  3 dart slugs
  39 orcs
  12 ball pythons
  6 bats
  5 endoplasms (D:1)
  9 giant cockroaches
  4 goblins
  4 hobgoblins
  3 jackals (D:4)
  11 quokkas
  18 frilled lizards
  17 kobolds
  2 rats (D:1)
331 creatures vanquished.

Vanquished Creatures (collateral kills)
  An ice dragon (D:14)
  2 spriggan simulacra (IceCv)
  2 cyclopes
  2 gargoyles
  A komodo dragon (D:9)
  An ice devil (IceCv)
  A hornet (D:9)
  A wyvern (D:9)
  A minotaur simulacrum (IceCv)
  An acid dragon (D:11)
  Edmund (D:5)
  A kobold brigand (D:9)
  4 wights (D:7)
  A howler monkey (D:7)
  An orc priest (D:9)
  An orc wizard (D:9)
  An orc (D:9)
23 creatures vanquished.

Vanquished Creatures (others)
  A wraith (D:12)
  A vampire (D:12)
  An ice beast (D:5)
  A sky beast (D:7)
  3 centaurs
  A scorpion (D:7)
  A gnoll sergeant (D:13)
  A killer bee (D:8)
  35 jellies
  5 orc priests
  A sleepcap (D:5)
  An iguana (D:7)
  4 orc wizards
  A gnoll (D:9)
  2 adders
  A white imp (D:7)
  An ufetubus (D:5)
  A dart slug (D:5)
  16 orcs
  3 endoplasms
  A hobgoblin (D:4)
  6 kobolds
  A quokka (Sewer)
  2 ball pythons (Sewer)
  A bat (D:2)
  3 frilled lizards (Sewer)
95 creatures vanquished.

Grand Total: 449 creatures vanquished

Notes
Turn   | Place    | Note
-------+----------+-------------------------------------------
     0 | D:1      | Ethylacetat the Vine Stalker Monk began the quest for the
                  | Orb.
     0 | D:1      | Reached XP level 1. HP: 11/11 MP: 2/2
   115 | D:1      | Reached XP level 2. HP: 16/16 MP: 3/3
   196 | D:1      | Learned a level 2 spell: Wereblood
   364 | D:1      | Reached skill level 1 in Spellcasting
   517 | D:1      | Reached XP level 3. HP: 15/19 MP: 3/5
   545 | D:1      | Found a faded altar of an unknown god.
   610 | D:1      | Prayed at the altar of an unknown god.
   610 | D:1      | Became a worshipper of Jiyva Jonoid the Shapeless
   610 | D:1      | Reached * piety under Jiyva
   610 | D:1      | Reached ** piety under Jiyva
   864 | D:2      | Reached skill level 1 in Shapeshifting
   942 | D:2      | Reached *** piety under Jiyva
  1050 | D:2      | Gained mutation: Your natural rate of healing is unusually
                  | fast. [Vine Stalker growth]
  1050 | D:2      | Reached XP level 4. HP: 24/24 MP: 5/7
  1114 | D:2      | Gained mutation: Your muscles are strong. (Str +4, Int/Dex
                  | -1) [Jiyva's grace]
  1114 | D:2      | Gained mutation: Your muscles are very strong. (Str +8,
                  | Int/Dex -2) [Jiyva's grace]
  1114 | D:2      | Gained mutation: You have sharp fingernails. [Jiyva's
                  | grace]
  1114 | D:2      | Gained mutation: You have very sharp fingernails. [Jiyva's
                  | grace]
  1342 | D:3      | Noticed Jessica
  1349 | D:3      | Killed Jessica
  1392 | D:3      | Reached skill level 1 in Unarmed Combat
  1392 | D:3      | Reached XP level 5. HP: 28/28 MP: 6/8
  1502 | D:3      | Reached **** piety under Jiyva
  2026 | D:3      | Found a burning altar of Makhleb.
  2153 | D:4      | Noticed an ogre
  2226 | D:4      | Reached skill level 2 in Unarmed Combat
  2230 | D:4      | Found a staircase to the Ecumenical Temple.
  2235 | D:4      | Noticed a black bear
  2268 | D:4      | Killed a black bear
  2269 | D:4      | Reached XP level 6. HP: 6/32 MP: 1/10
  2373 | D:4      | Reached skill level 3 in Unarmed Combat
  2373 | D:4      | Reached XP level 7. HP: 37/37 MP: 11/11
  2383 | D:4      | Reached ***** piety under Jiyva
  2387 | D:4      | Found a glowing drain.
  2402 | Sewer    | Entered a sewer
  2898 | D:5      | Entered Level 5 of the Dungeon
  2902 | D:5      | Gained mutation: Your translucent skin slightly reduces
                  | your foes' accuracy. (Stealth+) [Jiyva's grace]
  2902 | D:5      | Gained mutation: Your translucent skin reduces your foes'
                  | accuracy. (Stealth+) [Jiyva's grace]
  2902 | D:5      | Gained mutation: Your transparent skin significantly
                  | reduces your foes' accuracy. (Stealth+) [Jiyva's grace]
  2902 | D:5      | Gained mutation: Your system is resistant to poisons.
                  | (rPois) [Jiyva's grace]
  2931 | D:5      | Reached skill level 4 in Unarmed Combat
  3008 | D:5      | Gained mutation: You have razor-sharp teeth. [Vine Stalker
                  | growth]
  3008 | D:5      | Reached XP level 8. HP: 24/42 MP: 13/13
  3116 | D:5      | Found a hazy altar of Hepliaklqana.
  3318 | D:5      | Noticed Edmund
  3327 | D:5      | Killed Edmund
  4151 | D:6      | Reached skill level 5 in Unarmed Combat
  4178 | D:6      | Noticed a yak
  4184 | D:6      | Noticed a yak
  4187 | D:6      | Noticed a yak
  4187 | D:6      | Noticed a yak
  4187 | D:6      | Noticed a yak
  4199 | D:6      | Killed a yak
  4201 | D:6      | Killed a yak
  4203 | D:6      | Killed a yak
  4204 | D:6      | Reached skill level 5 in Shapeshifting
  4204 | D:6      | Killed a yak
  4205 | D:6      | Reached skill level 5 in Fighting
  4205 | D:6      | Reached skill level 6 in Unarmed Combat
  4205 | D:6      | Reached XP level 9. HP: 35/47 MP: 12/16
  4255 | D:6      | Found Soacko Haopp's Antique Weapon Shoppe.
  4264 | D:6      | Identified the +0 leather armour "Ledi" {Regen+}
  4372 | D:7      | Found a radiant altar of Vehumet.
  4546 | D:7      | Reached skill level 7 in Unarmed Combat
  4546 | D:7      | Reached skill level 5 in Spellcasting
  4549 | D:7      | Found a hide-covered altar of Uskayaw.
  5024 | D:7      | Found a runed translucent gate.
  5024 | D:7      | Found a runed translucent gate.
  5025 | D:7      | Found a runed translucent gate.
  5026 | D:7      | Noticed a spectral unseen horror
  5028 | D:7      | Noticed Jaike's ghost (novice DjCA)
  5046 | D:7      | Killed a spectral unseen horror
  5047 | D:7      | Reached XP level 10. HP: 49/53 MP: 17/19
  5050 | D:7      | Killed Jaike's ghost
  5051 | D:7      | Reached skill level 8 in Unarmed Combat
  5305 | D:8      | Found a stormy altar of Qazlal.
  5542 | D:8      | Gained mutation: You possess an exceptional clarity of
                  | mind. [Jiyva's grace]
  5542 | D:8      | Gained mutation: You have a pair of small horns on your
                  | head. [Jiyva's grace]
  5542 | D:8      | Gained mutation: You have a pair of horns on your head.
                  | [Jiyva's grace]
  5542 | D:8      | Gained mutation: You have a pair of large horns on your
                  | head. [Jiyva's grace]
  5690 | D:8      | Found an iron altar of Okawaru.
  5690 | D:8      | Found a shimmering blue altar of Sif Muna.
  5984 | D:9      | Reached skill level 9 in Unarmed Combat
  6012 | D:9      | Found a staircase to the Lair.
  6037 | D:9      | Found a glowing silver altar of Zin.
  6037 | D:9      | Noticed an angel
  6253 | D:9      | Reached XP level 11. HP: 58/58 MP: 19/21
  6259 | D:9      | Noticed a two-headed ogre
  6261 | D:9      | Noticed a tengu warrior
  6268 | D:9      | Killed a tengu warrior
  6272 | D:9      | Killed a two-headed ogre
  6277 | D:9      | Noticed a tengu warrior
  6277 | D:9      | Noticed a red ugly thing
  6286 | D:9      | Killed a tengu warrior
  6287 | D:9      | Killed a red ugly thing
  6288 | D:9      | Reached skill level 10 in Unarmed Combat
  6318 | D:9      | Got the Codex of Distorted Injury
  6342 | D:9      | Identified the staff of Collusion {rPois rN+ Str-2 SInv
                  | Poison}
  6521 | D:10     | Entered Level 10 of the Dungeon
  6977 | D:10     | Found a staircase to the Orcish Mines.
  7108 | D:10     | Found an opulent altar of Gozag.
  7117 | D:10     | Found an ornate altar of the Wu Jian Council.
  7143 | D:10     | Found a basalt altar of Yredelemnul.
  7314 | D:11     | Found a shadowy altar of Dithmenos.
  7399 | D:11     | Noticed Maurice
  7400 | D:11     | Noticed a cyclops
  7420 | D:11     | Killed Maurice
  7428 | D:11     | Killed a cyclops
  7514 | D:11     | Noticed a two-headed ogre
  7521 | D:11     | Killed a two-headed ogre
  7522 | D:11     | Reached XP level 12. HP: 63/63 MP: 24/24
  7662 | D:11     | Noticed a centaur warrior
  7674 | D:11     | Killed a centaur warrior
  7675 | D:11     | Reached skill level 1 in Shields
  7705 | D:11     | Reached skill level 11 in Unarmed Combat
  7836 | D:12     | Lost mutation: You have very sharp fingernails. [Jiyva's
                  | grace]
  7836 | D:12     | Lost mutation: You possess an exceptional clarity of mind.
                  | [Jiyva's grace]
  7836 | D:12     | Lost mutation: Your system is resistant to poisons. (rPois)
                  | [Jiyva's grace]
  7836 | D:12     | Gained mutation: Your melee attacks may engulf your foes in
                  | ooze. [Jiyva's grace]
  7836 | D:12     | Gained mutation: You are covered in slimy tendrils that may
                  | disarm your opponents. [Jiyva's grace]
  7836 | D:12     | Gained mutation: You are agile. (Dex +4, Str/Int -1)
                  | [Jiyva's grace]
  7836 | D:12     | Gained mutation: You are very agile. (Dex +8, Str/Int -2)
                  | [Jiyva's grace]
  7980 | D:12     | Found a blossoming altar of Fedhas.
  8059 | D:12     | Found Nuneoreo's Distillery.
  8127 | D:12     | Noticed a boulder beetle
  8150 | D:12     | Killed a boulder beetle
  8197 | D:12     | Reached ****** piety under Jiyva
  8525 | D:13     | Noticed a boulder beetle
  8530 | D:13     | Found a gate to the Vaults.
  8530 | D:13     | Noticed an ironbound preserver
  8552 | D:13     | Reached skill level 10 in Shapeshifting
  8578 | D:13     | Killed an ironbound preserver
  8591 | D:13     | Killed a boulder beetle
  8610 | D:13     | Noticed a two-headed ogre
  8616 | D:13     | Killed a two-headed ogre
  8751 | D:13     | Noticed a tengu warrior
  8760 | D:13     | Killed a tengu warrior
  8815 | D:13     | Reached XP level 13. HP: 55/69 MP: 18/26
  9144 | D:14     | Noticed an ice dragon
  9287 | D:14     | Killed an ice dragon
  9288 | D:14     | Identified the +1 plate armour of Suar {rElec}
  9347 | D:14     | Found a frozen archway.
  9406 | IceCv    | Entered an ice cave
  9431 | IceCv    | Was placed under penance by Jiyva
  9432 | IceCv    | Reached skill level 12 in Unarmed Combat
  9443 | IceCv    | Lost mutation: You are covered in slimy tendrils that may
                  | disarm your opponents. [the all-consuming vengeance of
                  | Jiyva]
  9450 | IceCv    | Lost mutation: You are very agile. (Dex +8, Str/Int -2)
                  | [mutagenic glow]
  9478 | IceCv    | Lost mutation: Your melee attacks may engulf your foes in
                  | ooze. [the all-consuming vengeance of Jiyva]
  9479 | IceCv    | Gained mutation: You are vulnerable to heat. (rF-)
                  | [mutagenic glow]
  9493 | IceCv    | Gained mutation: Armour fits poorly on your strangely
                  | shaped body. [mutagenic glow]
  9549 | IceCv    | HP: 2/70 [spriggan defender simulacrum (6)]
  9549 | IceCv    | Mangled by a spriggan defender simulacrum

Illustrated notes

Levels and vault maps discovered:
D:1:      nagdon_arrival_zigzag_paths, layout_basic,
          hellmonk_ecumenical_altar_zigzags
D:2:      layout_rooms
D:3:      layout_basic, lemuel_crystal_altar, nrook_campfire,
          nicolae_elevator_lobby_asterisk, uniq_jessica
D:4:      layout_rooms, minmay_temple_entry_wispy, portal_sewer_entry_a,
          amcnicky_mini_pool_small
D:5:      layout_layer_cave, mainiacjoe_overflow_chevrons, minmay_manual_mares,
          uniq_edmund
D:6:      layout_gridville, serial_shops, shop
D:7:      minmay_razor_zed, layout_loops_ring,
          mainiacjoe_overflow_small_starburst, lemuel_tele_altar,
          gammafunk_ghost_necromancy
D:8:      layout_loops_cross, mainiacjoe_overflow_divided_tiny,
          mainiacjoe_overflow_alcove_4, minmay_bent
D:9:      layout_basic, zin_angel, erik_lair_orcish_takeover,
          minmay_pinched_square
D:10:     layout_roguey, yredelemnul_altar_generic, mainiacjoe_overflow_swirl,
          erik_orc_2, eino_tiny_chamber
D:11:     layout_roguey, nicolae_dithmenos_shadow_blocks, uniq_maurice
D:12:     layout_irregular_city, serial_shops, nicolae_shop_just_a_little_nook,
          nicolae_concentric_dashed_squares_wild, fedhas_ov_isle_minmay
D:13:     layout_roguey, skrybe_vaults_entry_preservation
D:14:     layout_basic, serial_bayou_pond_c,
          portal_ice_cave_entry_ice_statue_two
IceCv:    ice_cave_caverns_03

Skill      XL: |  1  2  3  4  5  6  7  8  9 10 11 12 13 |
---------------+----------------------------------------+-----
Axes           | 3 |  3.2
Spellcasting   | 1 2 3 4 5 6 7 8 9 |  9.2
Fighting       | 3 4 5 6 7 8 9 |  9.0
Shapeshifting  | 1 2 3 5 6 8 9 10 11 | 11.3
Unarmed Combat | 1 2 3 4 6 7 9 10 11 12 | 12.0
Shields        | 3 4 |  4.7
Dodging        | |  2.4

Action                     |  1- 3 |  4- 6 |  7- 9 | 10-12 | 13-15 || total
---------------------------+-------+-------+-------+-------+-------++-------
  Melee: Hand axe          |    83 |       |       |       |       ||    83
         Bite              |    21 |    32 |     5 |    85 |    32 ||   175
         Dagger            |     9 |     5 |       |       |       ||    14
         Unarmed           |       |   101 |   158 |   323 |    81 ||   663
         Constrict         |       |       |    39 |    19 |       ||    58
         Headbutt          |       |       |       |    65 |    27 ||    92
  Throw: Dart              |       |       |       |     3 |     1 ||     4
         Throwing net      |       |       |       |       |     2 ||     2
 Invoke: Oozemancy         |       |       |     4 |     4 |     1 ||     9
  Evoke: Wand              |       |       |       |     8 |     4 ||    12
    Use: Scroll            |       |       |       |       |     9 ||     9
         Potion            |       |       |       |       |     1 ||     1
   Stab: Sleeping          |       |       |     4 |       |       ||     4
         Betrayed ally     |       |       |       |       |     1 ||     1
 Armour: Robe              |    27 |    14 |     3 |       |       ||    44
         Skin              |       |       |    67 |    29 |       ||    96
         Plate armour      |       |       |       |    90 |    48 ||   138
         Acid dragon scale |       |       |       |     2 |       ||     2
  Dodge: Dodged            |    63 |    63 |    93 |   164 |    31 ||   414
  Block: Kite shield       |       |       |       |    55 |    82 ||   137
         Buckler           |       |       |       |       |     1 ||     1
   Form: Anaconda          |       |       |     1 |       |       ||     1
                           |       |       |       |     1 |       ||     1

Table legend: (Time is in decaauts)
 A = Elapsed time spent in this place.
 B = Non-inter-level travel time spent in this place.
 C = Inter-level travel time spent in this place.
 D = Time resting spent in this place.
 E = Time spent auto-exploring this place.
 F = Levels seen in this place.
 G = Mean time per level.
                   A        B        C        D        E       F      G
               +--------+--------+--------+--------+--------+-----+--------+
         Total |   9506 |   9139 |    367 |     99 |   6547 |  16 |  594.1 |
       Dungeon |   9154 |   8787 |    367 |     54 |   6519 |  14 |  653.9 |
         Sewer |    210 |    210 |      0 |      0 |      0 |   1 |  210.0 |
      Ice Cave |    142 |    142 |      0 |     45 |     28 |   1 |  142.0 |
               +--------+--------+--------+--------+--------+-----+--------+

Top non-repeatable levels by time:
     D:5: 1239 daAuts
     D:3: 952 daAuts
     D:1: 850 daAuts
     D:7: 818 daAuts
    D:12: 752 daAuts
    D:10: 749 daAuts
     D:9: 703 daAuts
     D:8: 683 daAuts
    D:13: 652 daAuts
     D:4: 510 daAuts
    D:11: 480 daAuts
     D:2: 379 daAuts
    D:14: 226 daAuts
   Sewer: 210 daAuts
     D:6: 155 daAuts
